Map: 暮色之塔

Players

FataL

  • Race: Zerg Zerg
  • League: Platinum

shengy - Winner!

  • Race: Zerg Zerg
  • League: Gold

VOD

Have the link to the VOD?

Description

Time

  • Played on: Nov. 28, 2015, 11:50 p.m.
  • Length: 12:25
Show
View Real Time Build Order
Export as new Build Order

FataL Zerg 

Build Orders: Hatch First 

Get SALT Encoding   

  12  0:01  Drone  
  13  0:07  Drone  
  14  0:17  Overlord  
  14  0:36  Drone x3  
  17  0:54  Hatchery  
  16  0:57  Drone  
  17  1:10  Spawning Pool  
  16  1:11  Drone  
  16  1:16  Extractor  
  17  1:18  Drone  
  17  1:21  Drone  
  18  1:30  Drone  
  19  1:41  Drone  
  20  1:51  Overlord  
  20  1:59  Queen  
  22  2:05  Zergling x2  
  22  2:07  Zergling x2  
  24  2:10  Queen  
  24  2:15  Zergling x2  
  27  2:22  Spine Crawler  
  26  2:34  Drone x3  
  29  2:38  Metabolic Boost  
  30  2:50  Drone x2  
  30  2:51  Drone x2  
  33  2:58  Overlord  
  33  3:00  Drone  
  34  3:06  Evolution Chamber  
  34  3:11  Overlord  
  34  3:12  Overlord  
  33  3:19  Zergling x4  
  35  3:41  Zergling x14  
  36  3:42  Zergling x4  
  44  3:50  Zergling x2  
  44  3:51  Zergling x2  
  44  3:55  Overlord  
  47  4:02  Zergling x2  
  47  4:14  Zergling x4  
  49  4:22  Hatchery  
  48  4:26  Zergling x14  
  51  5:06  Zergling x10  
  51  5:07  Zergling x10  
  56  5:15  Zergling x2  
  56  5:22  Roach Warren  
  50  5:45  Zergling x2  
  50  5:46  Zergling x16  
  48  6:02  Zergling x2  
  48  6:03  Zergling x12  
  40  6:40  Zergling x2  
  40  6:41  Zergling x16  
  40  6:46  Zergling x2  
  48  6:47  Zergling x4  
  48  7:06  Roach  
  48  7:07  Roach x4  
  58  7:11  Zerg Ground Armor Level 1  
  58  7:28  Roach x4  
  58  7:29  Roach x4  
  74  7:39  Overlord x4  
  74  7:40  Overlord  
  73  8:03  Roach  
  73  8:04  Roach x4  
  81  8:28  Roach  
  81  8:29  Roach  
  85  8:38  Zergling x2  
  85  8:39  Zergling x24  
  67  9:22  Extractor  
  67  9:23  Extractor  
  65  9:24  Lair  
  65  9:26  Hatchery, Extractor  
  65  9:27  Drone  
  65  9:28  Drone x13  
  77  9:43  Spine Crawler x2  
  77  9:44  Spine Crawler  
  74  10:16  Roach x9  
  92  10:50  Spore Crawler  
  92  10:53  Spore Crawler x2  
  89  10:57  Queen  
  89  10:58  Spore Crawler, Queen  
  89  10:59  Spore Crawler  
  91  11:06  Roach x2  
Show
View Real Time Build Order
Export as new Build Order

shengy Zerg - Winner!

Build Orders: Hatch First 

Get SALT Encoding   

  12  0:01  Drone  
  13  0:11  Drone  
  14  0:17  Overlord  
  14  0:36  Drone x3  
  17  0:47  Drone  
  18  1:00  Hatchery  
  17  1:11  Spawning Pool  
  16  1:14  Drone  
  16  1:17  Drone  
  18  1:20  Drone  
  19  1:26  Extractor  
  19  1:30  Overlord  
  18  1:41  Drone  
  19  1:52  Drone  
  20  2:00  Queen  
  22  2:05  Zergling x2  
  23  2:12  Drone  
  23  2:13  Queen, Drone  
  27  2:23  Drone x2  
  27  2:28  Spine Crawler  
  28  2:39  Spine Crawler  
  28  2:40  Zergling x2  
  28  2:41  Zergling x2  
  30  2:46  Extractor  
  30  2:47  Metabolic Boost  
  29  2:58  Zergling x8  
  33  3:09  Baneling Nest  
  33  3:10  Roach Warren  
  31  3:24  Drone  
  31  3:25  Drone x4  
  36  3:37  Overlord x2  
  36  3:51  Extractor  
  36  3:54  Queen  
  37  3:55  Baneling x2  
  37  3:56  Baneling x2  
  37  4:04  Drone x2  
  37  4:05  Drone x2  
  41  4:14  Baneling x3  
  41  4:15  Zergling x4  
  41  4:16  Zergling x6  
  46  4:27  Spine Crawler  
  46  4:30  Queen  
  46  5:06  Queen  
  46  5:14  Drone x4  
  46  5:15  Drone  
  51  5:27  Overlord x3  
  51  5:46  Baneling x5  
  46  6:20  Zergling x16  
  46  6:21  Zergling x2  
  54  6:38  Baneling x3  
  49  6:59  Extractor  
  49  7:00  Lair  
  48  7:06  Hatchery  
  47  7:11  Drone x4  
  47  7:14  Drone x3  
  54  7:32  Roach x3  
  54  7:33  Roach x3  
  65  8:02  Roach x3  
  65  8:03  Roach x2  
  75  8:06  Baneling x4  
  75  8:10  Spire  
  75  8:12  Drone  
  75  8:13  Extractor, Overlord x2  
  74  8:37  Overlord  
  74  8:38  Roach x2  
  74  8:39  Roach x7  
  74  8:40  Roach  
  78  9:15  Hatchery  
  78  9:16  Zergling x2  
  78  9:17  Zergling x2  
  78  9:18  Zergling x2  
  78  9:19  Zergling x2  
  78  9:20  Zergling x2  
  82  9:25  Overlord x2  
  82  9:42  Overseer  
  82  10:00  Mutalisk x6, Extractor  
  82  10:01  Mutalisk  
  95  10:08  Mutalisk  
  97  10:22  Ravager x2  
  97  10:23  Ravager  
  100  10:32  Mutalisk  
  103  10:35  Zergling x6  
  103  10:36  Zergling x14  
  103  10:37  Zergling x2  
  113  10:47  Baneling  
  113  10:48  Baneling x5  
  112  11:11  Baneling  
  112  11:12  Baneling x4  
  112  11:13  Baneling x6  
  112  11:14  Baneling  
  89  11:42  Overlord  
  89  11:43  Zergling x2  
  89  11:44  Zergling x10  
  89  11:45  Zergling x18  
  89  11:54  Mutalisk x2  
Tags
 
Add a new tag
Caveats
  • Supply blocks, unpowered buildings, or Contaminate may cause inaccurate times.
  • Supply counts are checked every 10 seconds.